Map: Neon Violet Square LE

Players

ShoWTimE - Winner!

  • Race: Protoss Protoss
  • League: Grandmaster
  • Spawn Location: 5:00

Clem

  • Race: Terran Terran
  • League: Grandmaster
  • Spawn Location: 11:00

Event: WESG Barcelona European Finals 2017

VOD

Have the link to the VOD?

Description

Time

  • Played on: Nov. 24, 2017, 5:26 a.m.
  • Length: 11:02

All games in this series

Show
View Real Time Build Order
Export as new Build Order

ShoWTimE Protoss - Winner!

Build Orders: 1 Gate Expand, Oracle Opening 

Get SALT Encoding   

  12  0:00  Probe  
  13  0:13  Probe  
  14  0:19  Pylon  
  14  0:25  Probe  
  15  0:37  Probe (Chrono Boost)  
  15  0:38  Gateway  
  16  0:47  Assimilator  
  17  0:50  Probe (Chrono Boost)  
  17  0:52  Probe  
  18  1:04  Probe  
  19  1:16  Probe  
  20  1:24  Nexus  
  20  1:34  Cybernetics Core  
  20  1:37  Probe  
  21  1:43  Assimilator  
  21  1:49  Probe  
  22  1:54  Pylon  
  22  2:01  Probe  
  23  2:12  Stalker (Chrono Boost)  
  23  2:13  Probe  
  26  2:20  Warp Gate  
  26  2:26  Probe (Chrono Boost)  
  27  2:32  Stargate  
  27  2:36  Probe (Chrono Boost)  
  28  2:42  Stalker  
  32  2:47  Probe x2 (Chrono Boost)  
  32  2:50  Probe x2  
  34  3:02  Probe x2  
  36  3:14  Pylon, Probe  
  36  3:15  Probe  
  36  3:16  Oracle (Chrono Boost)  
  41  3:21  Gateway  
  41  3:26  Probe  
  41  3:27  Probe  
  43  3:30  Gateway  
  43  3:38  Probe  
  43  3:40  Probe  
  48  3:41  Oracle (Chrono Boost)  
  48  3:45  Shield Battery  
  48  3:50  Probe  
  48  3:52  Probe  
  48  3:55  Pylon  
  50  4:02  Probe  
  51  4:04  Probe  
  52  4:14  Probe  
  52  4:15  Nexus  
  52  4:16  Probe  
  54  4:21  Pylon  
  54  4:33  Stalker x3  
  54  4:35  Probe  
  54  4:37  Probe  
  61  4:47  Probe  
  61  4:49  Probe  
  60  4:57  Assimilator  
  60  4:58  Pylon, Stalker x3  
  67  5:00  Probe  
  67  5:01  Assimilator, Probe  
  68  5:12  Probe  
  68  5:13  Probe  
  68  5:24  Probe  
  68  5:25  Probe  
  68  5:26  Stalker x3  
  68  5:27  Probe  
  68  5:28  Oracle (Chrono Boost)  
  69  5:36  Probe  
  69  5:37  Pylon  
  69  5:38  Probe  
  69  5:39  Probe  
  67  5:48  Probe  
  61  5:50  Probe  
  61  5:51  Probe  
  61  5:54  Stalker  
  61  5:56  Oracle  
  63  6:00  Probe (Chrono Boost)  
  63  6:02  Stalker  
  59  6:05  Probe (Chrono Boost)  
  59  6:06  Probe (Chrono Boost)  
  58  6:12  Probe (Chrono Boost)  
  58  6:16  Probe x3 (Chrono Boost)  
  57  6:18  Probe  
  57  6:20  Probe  
  59  6:26  Probe, Shield Battery  
  59  6:31  Probe  
  59  6:32  Probe  
  59  6:40  Phoenix, Probe (Chrono Boost)  
  59  6:43  Probe (Chrono Boost)  
  62  6:47  Probe (Chrono Boost)  
  62  6:52  Probe (Chrono Boost)  
  59  6:57  Sentry, Probe (Chrono Boost)  
  59  7:00  Probe x2  
  63  7:01  Probe  
  64  7:12  Probe x2  
  64  7:13  Probe (Chrono Boost)  
  67  7:19  Twilight Council  
  67  7:20  Forge  
  67  7:24  Probe (Chrono Boost)  
  67  7:25  Probe (Chrono Boost)  
  67  7:26  Probe (Chrono Boost)  
  70  7:36  Probe x3 (Chrono Boost)  
  73  7:38  Probe x2  
  73  7:40  Probe  
  76  7:45  Robotics Facility  
  76  7:49  Shield Battery  
  76  7:50  Probe, Shield Battery  
  77  7:51  Shield Battery  
  77  7:52  Probe  
  77  7:53  Pylon  
  77  7:55  Probe  
  79  8:00  Protoss Ground Weapons Level 1 (Chrono Boost)  
  79  8:02  Probe  
  79  8:04  Blink (Chrono Boost), Probe  
  81  8:07  Probe  
  82  8:15  Probe  
  82  8:16  Probe  
  82  8:19  Probe  
  85  8:22  Sentry x2  
  85  8:27  Probe  
  90  8:28  Probe  
  90  8:31  Probe  
  89  8:35  Gateway  
  89  8:37  Stalker  
  89  8:38  Gateway, Shield Battery  
  89  8:39  Probe, Shield Battery  
  89  8:41  Shield Battery x2  
  92  8:43  Pylon  
  92  8:47  Immortal (Chrono Boost)  
  96  8:49  Sentry  
  96  8:53  Stalker  
  100  8:56  Probe  
  100  8:57  Pylon  
  100  8:58  Probe x2  
  103  9:08  Probe  
  104  9:15  Pylon  
  104  9:16  Gateway  
  104  9:21  Gateway  
  104  9:22  Observer  
  104  9:23  Probe x2  
  104  9:24  Probe  
  108  9:25  Gateway  
  108  9:28  Pylon  
  108  9:34  Assimilator  
  108  9:38  Assimilator  
  108  9:40  Adept x3  
  114  9:47  Stalker x2  
  118  9:53  Immortal  
  118  9:54  Shield Battery  
  122  10:09  Adept x3  
  122  10:13  Pylon  
  128  10:15  Pylon  
  126  10:22  Stalker x2  
  126  10:32  Stalker  
  132  10:38  Probe x2  
  132  10:39  Adept x2, Robotics Bay  
  138  10:47  Adept x5  
  148  10:50  Probe  
Show
View Real Time Build Order
Export as new Build Order

Clem Terran 

Build Orders: Reaper Expand, Banshee Rush 

Get SALT Encoding   

  12  0:00  SCV  
  13  0:12  SCV  
  14  0:17  Supply Depot  
  14  0:24  SCV  
  15  0:36  Refinery  
  15  0:39  SCV  
  16  0:45  Barracks  
  16  0:51  SCV  
  17  1:03  SCV  
  18  1:15  SCV  
  19  1:33  Reaper, Orbital Command  
  20  1:47  Command Center  
  20  1:57  Supply Depot  
  20  1:58  SCV  
  21  2:08  Factory  
  21  2:12  Barracks Reactor  
  21  2:15  SCV  
  22  2:22  Refinery  
  22  2:27  SCV  
  23  2:39  SCV  
  24  2:49  Marine x2  
  26  2:52  Starport  
  26  2:54  Widow Mine  
  26  2:55  SCV  
  29  2:59  Orbital Command  
  29  3:07  SCV  
  29  3:08  Marine x2  
  33  3:20  SCV  
  33  3:23  Cyclone  
  33  3:24  SCV  
  37  3:27  Marine  
  37  3:28  Marine  
  37  3:32  Supply Depot  
  37  3:33  Starport Tech Lab  
  39  3:35  SCV  
  39  3:37  SCV  
  41  3:45  Marine x2  
  41  3:47  Barracks  
  43  3:52  Cloaking Field  
  43  3:56  Banshee  
  43  3:59  SCV  
  43  4:02  SCV  
  48  4:05  Factory Tech Lab  
  48  4:06  Marine  
  48  4:11  SCV  
  48  4:14  SCV  
  48  4:23  Barracks  
  48  4:28  Supply Depot  
  48  4:29  Marine x2  
  51  4:31  SCV  
  51  4:33  SCV  
  52  4:44  SCV  
  53  4:47  Banshee  
  53  4:50  SCV  
  52  4:54  Marine x2  
  52  4:59  SCV  
  55  5:01  Factory Tech Lab  
  55  5:04  SCV  
  54  5:07  Marauder  
  54  5:11  SCV  
  55  5:16  SCV  
  55  5:18  Marine  
  55  5:20  Marine  
  53  5:25  Marine  
  45  5:29  Marauder  
  45  5:32  SCV  
  45  5:38  Marine x2  
  44  5:45  Orbital Command  
  38  5:50  Marauder  
  38  5:51  Marine  
  38  5:53  SCV  
  38  5:56  Marine  
  39  6:05  Stimpack, SCV  
  36  6:12  Marauder  
  36  6:15  Marine  
  36  6:17  SCV  
  38  6:18  Marine  
  38  6:20  SCV  
  40  6:29  SCV  
  41  6:33  Marauder  
  41  6:35  Marine  
  44  6:43  Starport  
  44  6:45  SCV x2  
  44  6:46  Marine  
  47  6:54  Marauder  
  47  6:57  SCV x2  
  47  7:00  Engineering Bay  
  48  7:04  Supply Depot, Factory Reactor  
  48  7:06  Marine  
  48  7:08  Marine  
  49  7:15  Banshee  
  47  7:18  SCV  
  51  7:30  Marine x2  
  51  7:31  Marine, SCV  
  51  7:34  Orbital Command  
  51  7:43  SCV, Missile Turret  
  52  7:49  Medivac  
  54  7:51  Medivac  
  54  7:53  Marine x2  
  54  7:55  SCV  
  59  8:00  Marauder  
  59  8:01  SCV  
  62  8:09  Supply Depot  
  62  8:12  Marauder  
  64  8:13  SCV  
  64  8:15  SCV  
  65  8:24  Marine x2  
  65  8:25  Marauder  
  69  8:28  SCV  
  69  8:33  Missile Turret  
  67  8:36  Supply Depot  
  67  8:37  SCV  
  67  8:41  Terran Infantry Weapons Level 1  
  68  8:46  Marine x2  
  70  8:51  Marauder  
  70  8:52  SCV x2  
  74  8:57  Supply Depot  
  74  8:59  Marauder, Factory Reactor  
  74  9:02  Medivac  
  78  9:05  Marine x2  
  80  9:11  Barracks  
  80  9:13  Barracks  
  80  9:17  Refinery  
  80  9:18  SCV x2  
  80  9:22  Medivac  
  84  9:26  Marauder  
  84  9:30  SCV  
  87  9:31  Supply Depot  
  87  9:32  Marine, Marauder  
  87  9:37  Widow Mine x2  
  94  9:45  Supply Depot  
  94  9:48  Refinery  
  94  9:53  Marine x2, Marauder, SCV x2  
  94  9:56  Marauder  
  96  10:10  Medivac, Marine  
  96  10:11  Widow Mine x2  
  96  10:12  Marine  
  104  10:15  Marauder  
  104  10:18  Marauder  
  106  10:24  Marine  
  106  10:27  Marine  
  107  10:33  Marine x2  
  103  10:36  Marauder  
  103  10:37  Supply Depot  
  103  10:39  Supply Depot  
  105  10:44  SCV x2  
Tags
 
Add a new tag
Caveats
  • Supply blocks, unpowered buildings, or Contaminate may cause inaccurate times.
  • Supply counts are checked every 10 seconds.